 Dungeon Crawl Stone Soup version 0.30-a0-757-ga6a79fd877 (webtiles) character file.

Game seed: 10674464701667301533

668 IdlyInterested the Shield-Bearer (level 7, -7/52 HPs)
             Began as a Formicid Gladiator on Feb 9, 2023.
             Mangled by an ogre
             ... wielding a +6 dire flail
              (20 damage)
             ... on level 3 of the Dungeon.
             The game lasted 00:12:56 (4281 turns).

IdlyInterested the Shield-Bearer (FoGl)             Turns: 4281, Time: 00:12:57

Health: -7/52      AC: 10    Str: 19    XL:     7   Next: 88%
Magic:  0/7        EV:  6    Int:  7    God:
Gold:   194        SH:  6    Dex: 17    Spells: 6/6 levels left

rFire   . . .      SeeInvis +    a - +0 long sword
rCold   + . .      Faith    .    b - +0 buckler
rNeg    . . .      Spirit   +    f - +0 plate armour
rPois   .          Reflect  .    (helmet unavailable)
rElec   .          Harm     .    (no cloak)
rCorr   .          Rampage  .    (no gloves)
Will    .....                    (no boots) Stlth
                                 q - amulet of guardian spirit
HPRegen 0.28/turn                h - ring of protection from cold
MPRegen 0.10/turn                (no ring)

@: no status effects
A: permanent stasis, dig shafts and tunnels, antennae 3, four strong arms
a: Dig, Shaft Self


You were on level 3 of the Dungeon.
You visited 2 branches of the dungeon, and saw 5 of its levels.

You collected 194 gold pieces.

Inventory:

Hand Weapons
 a - a +0 long sword (weapon)
 r - a +0 dagger of speed
 w - a +0 falchion
Missiles
 c - 3 throwing nets
 g - 4 poisoned darts (quivered)
 n - 40 stones
Armour
 b - a +0 buckler (worn)
 f - a +0 plate armour (worn)
Jewellery
 h - a ring of protection from cold (left hand)
 q - an amulet of guardian spirit (around neck)
 u - a +6 ring of intelligence
Wands
 j - a wand of flame (12)
 m - a wand of paralysis (21)
 y - a wand of quicksilver (11)
Scrolls
 e - 4 scrolls of magic mapping
Potions
 i - 2 potions of flight
 k - 3 potions of brilliance
 l - 3 potions of attraction
 o - a potion of curing
 p - 3 potions of haste
 s - a potion of heal wounds {unknown}
 t - a potion of degeneration {unknown}
 x - a potion of magic {unknown}


   Skills:
 + Level 3.5 Fighting
 * Level 6.0 Long Blades
 - Level 2.0 Throwing
 - Level 1.0 Armour
 - Level 2.6 Dodging
 - Level 1.0 Stealth
 * Level 6.4 Shields
 - Level 1.0 Evocations


You had 6 spell levels left.
You didn't know any spells.
Your spell library contained the following spells:

 Spells                   Type           Power      Damage    Failure   Level
 Apportation              Tloc           0%         N/A       100%        1
 Frozen Ramparts          Ice            0%         1d1       100%        3
 Gell's Gravitas          Tloc           0%         N/A       100%        3
 Hailstorm                Conj/Ice       0%         3d3       100%        3
 Teleport Other           Tloc           0%         N/A       100%        3
 Ice Form                 Ice/Tmut       0%         N/A       100%        4
 Summon Ice Beast         Ice/Summ       0%         N/A       100%        4
 Alistair's Intoxication  Tmut/Pois      0%         N/A       100%        5
 Dispersal                Tloc           0%         N/A       100%        6
 Simulacrum               Ice/Necr       0%         N/A       100%        6


Dungeon Overview and Level Annotations

Branches:
Dungeon (4/15)             Temple (1/1) D:4

Altars:
Cheibriados
Dithmenos
Fedhas
Gozag
Kikubaaqudgha
Makhleb
Nemelex Xobeh
Okawaru
Ru
Sif Muna
Trog
Vehumet
Wu Jian
Xom
Yredelemnul
Zin
The Shining One

Annotations:
D:3 1 transporter, soul19's ghost, amateur DsFE


Innate Abilities, Weirdness & Mutations

You cannot be hasted, slowed, berserked, paralysed or teleported.
You can dig through walls and to a lower floor.
You have a pair of large antennae on your head. (SInv)
Your four strong arms can wield two-handed weapons with a shield.


Message History

You hit the ogre but do no damage.
The ogre is heavily wounded.
The ogre hits you with a +0 giant spiked club!
The ogre attacks as you move away! You block the ogre's attack.
Throw: 5 darts (poison)
Press: ? - help, Q - select action, (/) - cycle Shift-Dir - straight line, f/p - ogre
Aim: an ogre, wielding a +0 giant spiked club (heavily wounded, 76% to hit)
You throw a poisoned dart. The poisoned dart hits the ogre.
The ogre is poisoned.
The ogre is heavily wounded.
You hit the ogre.
The ogre is heavily wounded.
The ogre hits you with a +0 giant spiked club!
You slash the ogre!
You kill the ogre!
Your Long Blades skill increases to level 6!
You slash the ogre!
The ogre is heavily wounded.
You block the ogre's attack.
You barely miss the ogre.
The ogre is heavily wounded.
You block the ogre's attack.
You hit the ogre but do no damage.
The ogre is heavily wounded.
Soul19's ghost screams, "I'll kill anyone who wants the ORB!"
The ogre hits you with a +6 dire flail!
* * * LOW HITPOINT WARNING * * *
You completely miss the ogre.
The ogre is heavily wounded.
You hit the ogre.
The ogre is heavily wounded.
You block the ogre's attack.
Throw: javelin
Press: ? - help, Shift-Dir - straight line, f - soul19's ghost
Aim: soul19's ghost (almost destroyed, 55% to hit)
You throw a javelin. The javelin pierces through the ogre.
The ogre is heavily wounded.
The javelin closely misses soul19's ghost.
The ogre hits you with a +6 dire flail!!
You die...

....############...........#...#
..#...........#................#
................#..............#
###...........###..........#...#
# #...........##...........#.#.#
# #........................#.#.#
# #.........#############......#
# #.........#.....©.....#......#
####.####...#.#.@#.#..#.###.####
.# #.# #.#.#..##OW.##..# #.#
.###.####.###..##(((##..###.#
...#.##...# #.#..#.#..#.#...#
#.......#####©..W?).(...#...#
........# ##############..##
#......># #.....©.©......##
.>......## #.............##
#........####..........####


You could see an ogre and soul19's ghost.

Vanquished Creatures
  An ogre (D:3)
  2 scorpions (D:4)
  2 iguanas (D:4)
  Ijyb (D:4)
  Natasha (thrice) (D:3)
  4 orc wizards (D:4)
  Robin (D:4)
  4 gnolls (D:2)
  4 adders
  2 worms
  4 dart slugs
  7 orcs
  6 endoplasms
  4 giant cockroaches
  21 goblins
  6 hobgoblins
  4 quokkas
  7 ball pythons
  6 bats
  A frilled lizard (D:1)
  7 kobolds
  2 rats
99 creatures vanquished.

Vanquished Creatures (others)
  An orc wizard (D:4)
1 creature vanquished.

Grand Total: 100 creatures vanquished

Notes
Turn   | Place    | Note
-------+----------+-------------------------------------------
     0 | D:1      | IdlyInterested the Formicid Gladiator began the quest for
                  | the Orb.
     0 | D:1      | Reached XP level 1. HP: 16/16 MP: 1/1
    26 | D:1      | Reached skill level 1 in Shields
    49 | D:1      | Reached XP level 2. HP: 21/22 MP: 2/2
   347 | D:1      | Reached XP level 3. HP: 26/27 MP: 3/3
   355 | D:1      | Reached skill level 1 in Armour
   928 | D:2      | Reached skill level 1 in Stealth
   928 | D:2      | Reached XP level 4. HP: 25/33 MP: 4/4
  1250 | D:2      | Found a faded altar of an unknown god.
  1400 | D:2      | You fall into a shaft and drop 1 floor!
  1408 | D:3      | Reached XP level 5. HP: 38/38 MP: 5/5
  1941 | D:3      | Noticed Natasha
  1953 | D:3      | Killed Natasha
  2027 | D:3      | Noticed Natasha
  2036 | D:3      | Killed Natasha
  2037 | D:3      | Reached skill level 1 in Evocations
  2113 | D:3      | Noticed Natasha
  2120 | D:3      | Killed Natasha
  2121 | D:3      | Reached XP level 6. HP: 38/44 MP: 6/6
  2256 | D:3      | Found a transporter.
  2257 | D:3      | Noticed soul19's ghost (amateur DsFE)
  2258 | D:3      | Found a transporter.
  2258 | D:3      | Noticed an ogre
  2384 | D:4      | Noticed Robin
  2391 | D:4      | Killed Robin
  2431 | D:4      | Reached skill level 5 in Long Blades
  2525 | D:4      | Reached skill level 5 in Shields
  3056 | D:4      | Found a staircase to the Ecumenical Temple.
  3085 | D:4      | Reached XP level 7. HP: 51/51 MP: 7/7
  3120 | Temple   | Entered the Ecumenical Temple
  3682 | D:4      | Noticed Ijyb
  3700 | D:4      | Killed Ijyb
  4051 | D:4      | Found an ornate altar of the Wu Jian Council.
  4058 | D:4      | Noticed a spectral centipede
  4058 | D:4      | Noticed a spectral black mamba
  4058 | D:4      | Noticed a spectral cane toad
  4281 | D:3      | Mangled by an ogre

Illustrated notes

Levels and vault maps discovered:
D:1:      eino_arrival_water_cross, layout_loops_ring
D:2:      layout_basic, hellmonk_ecumenical_altar_heavens_door
D:3:      layout_rooms, gammafunk_ghost_smash, dreamdust_princess_bridge,
          uniq_natasha
D:4:      kennysheep_the_goblin_king, layout_basic,
          pdpol_wu_jian_five_deadly_venoms, minmay_temple_entry_mist,
          minmay_misc_feat_plants, uniq_robin
Temple:   eino_temple_scatter_basement

Skill      XL: |  1  2  3  4  5  6  7 |
---------------+----------------------+-----
Shields        | 1 2 3 4 5 6 |  6.4
Armour         | 1 |  1.0
Stealth        | 1 |  1.0
Long Blades    | 4 5 6 |  6.0
Evocations     | 1 |  1.0
Fighting       | 3 |  3.5
Throwing       | |  2.0
Dodging        | |  2.6

Action                     |  1- 3 |  4- 6 |  7- 9 || total
---------------------------+-------+-------+-------++-------
  Melee: Long sword        |    67 |   195 |    92 ||   354
  Throw: Javelin           |     1 |       |     1 ||     2
         Stone             |       |     4 |       ||     4
         Dart              |       |     5 |     5 ||    10
  Evoke: Wand              |       |       |     3 ||     3
    Use: Scroll            |     2 |     4 |     1 ||     7
         Potion            |       |       |     3 ||     3
   Stab: Sleeping          |       |     1 |       ||     1
         Paralysed         |       |       |     4 ||     4
 Armour: Leather armour    |    12 |       |       ||    12
         Ring mail         |     2 |    18 |       ||    20
         Plate armour      |       |    72 |    35 ||   107
  Dodge: Dodged            |    60 |    82 |    21 ||   163
  Block: Buckler           |       |    50 |    28 ||    78

Table legend: (Time is in decaauts)
 A = Elapsed time spent in this place.
 B = Non-inter-level travel time spent in this place.
 C = Inter-level travel time spent in this place.
 D = Time resting spent in this place.
 E = Time spent auto-exploring this place.
 F = Levels seen in this place.
 G = Mean time per level.
                   A        B        C        D        E       F      G
               +--------+--------+--------+--------+--------+-----+--------+
         Total |   4358 |   3899 |    459 |    682 |   2025 |   5 |  871.6 |
       Dungeon |   4063 |   3698 |    365 |    682 |   1840 |   4 | 1015.8 |
        Temple |    294 |    200 |     94 |      0 |    185 |   1 |  294.0 |
               +--------+--------+--------+--------+--------+-----+--------+

Top non-repeatable levels by time:
     D:4: 1557 daAuts
     D:2: 899 daAuts
     D:1: 850 daAuts
     D:3: 755 daAuts
  Temple: 294 daAuts
